 Dungeon Crawl Stone Soup version 0.30-a0-159-g068b764562 (webtiles) character file.

Game seed: 10475262738279137899

171 ytrimaz the Stinger (level 5, 0/49 HPs)
             Began as an Octopode Transmuter on Sept 27, 2022.
             Slain by an orc
             ... wielding a +0 trident
              (6 damage)
             ... on level 3 of the Dungeon.
             The game lasted 00:02:21 (2582 turns).

ytrimaz the Stinger (Octopode Transmuter)           Turns: 2582, Time: 00:02:22

Health: 0/49       AC: 22    Str:  9    XL:     5   Next: 51%
Magic:  6/8        EV:  2    Int: 17    God:
Gold:   42         SH:  0    Dex: 13    Spells: 2/8 levels left

rFire   . . .      SeeInvis .      - Unarmed
rCold   . . .      Faith    .    (no shield)
rNeg    . . .      Spirit   .    (helmet currently unavailable)
rPois   +          Reflect  .    (no amulet)
rElec   .          Harm     .    h - ring of willpower
rCorr   .          Rampage  .    (no ring)
Will    +....      NoTele   +    (no ring)
Stlth   +.........               (no ring)
HPRegen 0.16/turn                (no ring)
MPRegen 0.11/turn                (no ring)
                                 (no ring)
                                 (no ring)

@: tree-form
A: stationary, stasis, torment immunity, boosted hp, almost no armour,
(amphibious), 8 rings, (camouflage 1), (gelatinous body 1), (nimble swimmer 1),
(tentacles)
a: no special abilities


You were on level 3 of the Dungeon.
You were a tree.
You visited 1 branch of the dungeon, and saw 3 of its levels.

You collected 42 gold pieces.


Innate Abilities, Weirdness & Mutations

You are a tree.
Your roots penetrate the ground, keeping you stationary.
You cannot be teleported.
You are immune to unholy pain and torment.
Your maximum health is greatly increased.
You cannot wear most types of armour.
((You are amphibious.))
You can wear up to eight rings at the same time.
((Your skin changes colour to match your surroundings (Stealth+).))
((Your rubbery body absorbs attacks. (AC +1, EV +1)))
((You are camouflaged when in or above water. (Stealth+)))
((You have tentacles for arms and can constrict up to eight enemies at once.))


   Skills:
 - Level 1.0 Fighting
 - Level 2.0 Dodging
 - Level 3.0 Unarmed Combat
 - Level 2.0 Spellcasting
 - Level 2.0 Transmutations
 + Level 3.6 Ice Magic
 - Level 4.0 Poison Magic


You had 2 spell levels left.
You knew the following spells:

 Your Spells              Type           Power      Damage    Failure   Level
a - Beastly Appendage     Tmut           16%        N/A       9%          1
b - Wereblood             Tmut           8%         N/A       13%         2
c - Spider Form           Tmut/Pois      11%        N/A       17%         3

Your spell library contained the following spells:

 Spells                   Type           Power      Damage    Failure   Level
 Frozen Ramparts          Ice            26%        1d4       13%         3
 Ice Form                 Ice/Tmut       11%        N/A       52%         4
 Summon Ice Beast         Ice/Summ       7%         N/A       67%         4

Inventory:

Jewellery
 e - a ring of fire
   (You found it on level 3 of the Dungeon)
 h - a ring of willpower (left branch)
   (You found it on level 2 of the Dungeon)
Scrolls
 d - a scroll of torment
Potions
 b - 2 potions of magic {unknown}
 c - a potion of cancellation {unknown}
 f - a potion of might {unknown}
 g - a potion of curing {unknown}
 i - a potion of attraction {unknown}

Dungeon Overview and Level Annotations

Branches:
Dungeon (3/15) Zot: 15424

Altars:
Nemelex Xobeh
Yredelemnul

Shops:
D:3 [

Annotations:
D:3 1 transporter, 3 runed translucent doors, lunkers's ghost, weakling MeFi

#......###
###....#
##...###
##.#.####
##..#
#....+.:#
#...##
#._..+.[#
#...#..###
#....+.$#
#.####...##
##.#.#### ...
###.$#
###....## #..
#.#####.#
####.## ..
#.....o♣#
#'##
#######)go#
#.#. #...#
#.#. ..#..?
####.##
..###..
#...... ....
##......##...
....
....####....
.....
#........#<.
..#...####.#


You could see 2 orcs and a hobgoblin.


Message History

The magic dart hits you! 😕 HP[-7] MP[-3]
You take 7 damage, and now have 26/33 hp.
MASSIVE DAMAGE!! (PAUSE)
You lost 3 mp, and now have 5/8 mp.
An endoplasm comes into view.
The orc wizard casts a spell.
The orc wizard flickers and vanishes!
Deactivating autopickup; reactivate with Ctrl-A.
An orc comes into view. It is wielding a +0 hand axe.
You hit something but do no damage. The hobgoblin completely misses you.
Something hits you.
You feel drained.
A goblin comes into view. It is wielding a +0 dagger. 😮 HP[-7]
You now have 32 max hp (-1).
You take 7 damage, and now have 19/32 hp.
MASSIVE DAMAGE!! (PAUSE)
You hit something but do no damage. The hobgoblin completely misses you.
Something hits you.
* * * LOW HITPOINT WARNING * * *
You feel drained.
* * * LOW HITPOINT WARNING * * *
😨 HP[-5]
You now have 31 max hp (-1).
You take 5 damage, and now have 14/31 hp.
Really quaff the potion of lignification?
Your transformation has ended.
You turn into a tree.
Your roots penetrate the ground.
The hobgoblin barely misses you. Something hits you but does no damage.
You feel drained. 😨 HP[+6]
You now have 45 max hp (+14).
You regained 6 hp, and now have 20/45 hp.
Unknown command.
You cannot move.
You cannot move.
Unknown command.
You cannot move.
You cannot move.
You cannot move.
You cannot move.
You smack something!
Reactivating autopickup.
You feel a bit more experienced.
The hobgoblin hits you but does no damage.
Your Ice Magic skill increases to level 3! 😨 HP[+1]
You now have 48 max hp (+3).
You smack the endoplasm!
You kill the endoplasm!
Your life force feels restored.
You now have 49 max hp (+1).
You swing at nothing.
The hobgoblin hits you but does no damage.
An orc priest comes into view. It is wielding a +0 club.
You hit the orc.
The hobgoblin hits you but does no damage.
An orc comes into view. It is wielding a +0 trident.
The orc hits you but does no damage. 😨 MP[+1]
You barely miss the orc.
The hobgoblin hits you but does no damage.
The orc hits you but does no damage.
You barely miss the orc.
The orc shouts!
You hear a shout! x2
The hobgoblin hits you but does no damage.
The orc barely misses you.
You swing at nothing.
The hobgoblin hits you but does no damage.
The orc hits you but does no damage. x2
You smack the orc priest!
The hobgoblin completely misses you.
The orc priest calls down the wrath of Beogh upon you.
Beogh smites you!
* * * LOW HITPOINT WARNING * * *
The orc hits you but does no damage. The orc hits you with a +0 hand axe.
* * * LOW HITPOINT WARNING * * *
You hit the orc priest.
You kill the orc priest!
The hobgoblin hits you but does no damage.
The orc hits you but does no damage. x2 😱 HP[-15]
You take 15 damage, and now have 6/49 hp.
MASSIVE DAMAGE!! (PAUSE)
You barely miss the goblin.
The hobgoblin hits you but does no damage.
The orc hits you but does no damage. x2
The goblin hits you but does no damage.
You barely miss the goblin.
The hobgoblin hits you but does no damage.
The orc hits you but does no damage. x2; The goblin barely misses you.
You barely miss the goblin.
The hobgoblin hits you but does no damage.
The orc barely misses you. The orc hits you but does no damage.
The goblin hits you but does no damage.
You smack the goblin!
You kill the goblin!
The hobgoblin hits you but does no damage.
The orc hits you from afar with a +0 trident.
You die...

Skill      XL: |  1  2  3  4  5 |
---------------+----------------+-----
Poison Magic   | 1 2 3 4 |  4.0
Ice Magic      | 1 2 3 |  3.6
Fighting       | |  1.0
Dodging        | |  2.0
Unarmed Combat | |  3.0
Spellcasting   | |  2.0
Transmutations | |  2.0

Action                   |  1- 3 |  4- 6 || total
-------------------------+-------+-------++-------
Melee: Unarmed           |    61 |    39 ||   100
       Constrict         |    19 |     8 ||    27
       Tentacles         |    18 |     4 ||    22
       Kick              |    18 |    11 ||    29
       Punch             |       |     1 ||     1
 Cast: Beastly Appendage |    14 |     5 ||    19
       Spider Form       |       |     1 ||     1
  Use: Scroll            |     4 |       ||     4
       Potion            |       |     1 ||     1
 Stab: Sleeping          |     2 |     1 ||     3
Armor: Skin              |     5 |    26 ||    31
Dodge: Dodged            |    25 |    29 ||    54

Levels and vault maps discovered:
D:1:      nicolae_arrival_memento_mori, layout_basic, minmay_heptomino_h4
D:2:      layout_basic, grunt_decor_arrowhead
D:3:      layout_rooms, gammafunk_temple_overflow_arena,
          nicolae_yredelemnul_ghost_church, nicolae_overflow_hidden_temple,
          dreamdust_ecumenical_altar_sealed_demon, serial_shops, shop,
          shop_fountains, shop_statue

Notes
Turn   | Place    | Note
-------+----------+-------------------------------------------
     0 | D:1      | ytrimaz the Octopode Transmuter began the quest for the
                  | Orb.
     0 | D:1      | Reached XP level 1. HP: 13/13 MP: 3/3
     0 | D:1      | magus.rc [v1.9.6]
    47 | D:1      | You fall into a shaft and drop 1 floor!
   199 | D:2      | Reached skill level 1 in Poison Magic
   199 | D:2      | Reached XP level 2. HP: 16/18 MP: 3/5
   319 | D:2      | Reached skill level 1 in Ice Magic
   319 | D:2      | Reached skill level 2 in Poison Magic
   323 | D:2      | HP: 2/18 [frozen (3)]
   731 | D:2      | You pick up a book of Rime and begin reading...
   731 | D:2      | You add the spells Frozen Ramparts and Summon Ice Beast to
                  | your library.
   781 | D:2      | Reached XP level 3. HP: 15/23 MP: 4/6
  1251 | D:2      | Reached skill level 3 in Poison Magic
  1489 | D:2      | Learned a level 2 spell: Wereblood
  1493 | D:2      | Learned a level 3 spell: Spider Form
  2003 | D:3      | Noticed an ogre
  2007 | D:3      | Noticed an ogre
  2008 | D:3      | Noticed an ogre
  2009 | D:3      | Reached skill level 2 in Ice Magic
  2009 | D:3      | Reached XP level 4. HP: 28/28 MP: 5/7
  2009 | D:3      | Noticed a bullfrog
  2010 | D:3      | Found a sparkling altar of Nemelex Xobeh.
  2029 | D:3      | Found a transporter.
  2101 | D:3      | Reached skill level 4 in Poison Magic
  2224 | D:3      | Found a runed translucent gate.
  2224 | D:3      | Found a runed translucent gate.
  2224 | D:3      | Found a runed translucent gate.
  2224 | D:3      | Noticed lunkers's ghost (weakling MeFi)
  2227 | D:3      | Found a basalt altar of Yredelemnul.
  2263 | D:3      | HP: 6/28 [goblin/+0 dagger (3)]
  2505 | D:3      | Found Wujuizoj's Antique Armour Boutique.
  2518 | D:3      | Reached XP level 5. HP: 33/33 MP: 6/8
  2563 | D:3      | magus.rc [v1.9.6]
  2571 | D:3      | Reached skill level 3 in Ice Magic
  2577 | D:3      | HP: 7/49 [orc priest/divine providence (15)]
  2582 | D:3      | Slain by an orc

Vanquished Creatures
  A howler monkey (D:3)
  An orc priest (D:3)
  An orc wizard (D:3)
  A hound zombie (D:3)
  An adder (D:2)
  An adder zombie (D:3)
  3 worms (D:2)
  A dart slug (D:3)
  5 orcs (D:2)
  A ball python (D:2)
  4 endoplasms
  A giant cockroach (D:3)
  3 hobgoblins
  2 jackals (D:2)
  3 kobolds (D:2)
  2 quokkas (D:3)
  A bat (D:2)
  6 goblins
38 creatures vanquished.

Table legend:
 A = Non-vault XP
 B = Vault XP
 C = Vault XP percentage of total XP
 D = Non-vault monster count
 E = Vault monster count
 F = Vault count percentage of total count
                 A         B        C        D         E       F
            +---------+---------+-------+---------+---------+-------
      Total |     219 |      28 |  11.3 |      36 |       2 |   5.3
            +---------+---------+-------+---------+---------+-------
        D:2 |      70 |       0 |   0.0 |      24 |       0 |   0.0
        D:3 |     149 |      28 |  15.8 |      12 |       2 |  14.3
            +---------+---------+-------+---------+---------+-------

Illustrated notes

Table legend:
 A = Kills in this place as a percentage of kills in entire the game.
 B = Kills by you in this place as a percentage of kills by you in the entire game.
 C = Kills by friends in this place as a percentage of kills by friends in the entire game.
 D = Other kills in this place as a percentage of other kills in the entire game.
 E = Experience gained in this place as a percentage of experience gained in the entire game.
 F = Experience gained in this place divided by the number of levels of this place that you have seen.
                   A       B       C       D       E      F
               +-------+-------+-------+-------+-------+----------------------
         Total | 100.0 | 100.0 |   N/A |   N/A | 100.0 |  82.3
       Dungeon | 100.0 | 100.0 |   N/A |   N/A | 100.0 |  82.3
               +-------+-------+-------+-------+-------+----------------------

Table legend: (Time is in decaauts)
 A = Elapsed time spent in this place.
 B = Non-inter-level travel time spent in this place.
 C = Inter-level travel time spent in this place.
 D = Time resting spent in this place.
 E = Time spent auto-exploring this place.
 F = Levels seen in this place.
 G = Mean time per level.
                   A        B        C        D        E       F      G
               +--------+--------+--------+--------+--------+-----+--------+
         Total |   2574 |   2539 |     35 |      0 |   2252 |   3 |  858.0 |
       Dungeon |   2574 |   2539 |     35 |      0 |   2252 |   3 |  858.0 |
               +--------+--------+--------+--------+--------+-----+--------+

Top non-repeatable levels by time:
     D:2: 1951 daAuts
     D:3: 576 daAuts
     D:1: 47 daAuts
